 Dungeon Crawl Stone Soup version 0.30-a0-1074-g5db6f66fbb (console) character file.

Game seed: 11461288828178976736

39 Ignak the Ogre Mage (level 3, 0/33 HPs)
             Began as an Ogre Hedge Wizard on Apr 14, 2023.
             Succumbed to an adder's poison
             ... on level 2 of the Dungeon.
             The game lasted 00:02:03 (872 turns).

Ignak the Ogre Mage (Ogre Hedge Wizard)              Turns: 872, Time: 00:02:03

Health: 0/33       AC:  3    Str: 14    XL:     3   Next: 47%
Magic:  1/8        EV:  9    Int: 17    God:
Gold:   80         SH:  0    Dex:  8    Spells: 1/9 levels left

rFire   . . .      SeeInvis .    l - staff of poison
rCold   . . .      Faith    .    (no shield)
rNeg    . . .      Spirit   .    b - +0 robe
rPois   +          Reflect  .    c - +0 hat
rElec   .          Rampage  .    (no cloak)
rCorr   .                        (gloves unavailable)
Will    .....                    (boots unavailable)
Stlth   +                        (no amulet)
HPRegen 0.25/turn                (no ring)
MPRegen 0.11/turn                (no ring)

@: brilliant, lethally poisoned (0 -> -3), on blink cooldown
A: large, unfitting armour, tough skin 1
a: no special abilities


You were on level 2 of the Dungeon.
You visited 1 branch of the dungeon, and saw 2 of its levels.

You collected 80 gold pieces.

Inventory:

Hand Weapons
 a - a +0 dagger
 e - a +2 dagger of freezing
 i - a +0 whip
Armour
 b - a +0 robe (worn)
 c - a +0 hat (worn)
Magical Staves
 l - a staff of poison (weapon)
Scrolls
 g - a scroll of identify {unknown}
 h - a scroll of enchant armour {unknown}
 k - a scroll of fog {unknown}
Potions
 d - a potion of magic
 f - a potion of brilliance
 j - a potion of flight {unknown}


   Skills:
 + Level 1.4 Fighting
 + Level 2.1 Dodging
 - Level 1.4 Stealth
 + Level 3.9 Spellcasting
 + Level 1.4 Conjurations
 - Level 0.8 Summonings
 + Level 1.4 Translocations
 + Level 0.0 Air Magic
 * Level 0.1 Poison Magic


You had one spell level left.
You knew the following spells:

 Your Spells              Type           Power      Damage    Failure   Level
a - Magic Dart            Conj           48%        1d5       9%          1
b - Blink                 Tloc           24%        N/A       13%         2
d - Mephitic Cloud        Conj/Pois/Air  11%        N/A       36%         3
e - Call Imp              Summ           18%        N/A       17%         2

Your spell library contained the following spells:

 Spells                   Type           Power      Damage    Failure   Level
 Slow                     Hex            20%        N/A       16%         1
 Cigotuvi's Dreadful Rot  Necr/Pois/Air  14%        N/A       24%         2
 Hailstorm                Conj/Ice       8%         3d4       34%         3
 Ice Form                 Ice/Tmut       5%         N/A       85%         4
 Simulacrum               Ice/Necr       2%         N/A       100%        6


Dungeon Overview and Level Annotations

Branches:
Dungeon (2/15)

Altars:


Innate Abilities, Weirdness & Mutations

You are too large for most types of armour.
You have tough skin. (AC +1)


Message History

You feel sick.
Your cerulean imp closely misses the adder.
Your magical contamination has completely faded away.
Okay, then.
It was a potion of brilliance.
You feel clever all of a sudden.
You feel sick.
You are no longer poisoned.
Your cerulean imp hits the adder from afar with a -3 spear.
Casting: Blink (safe; 13% risk of failure)
Confirm with . or Enter, or press ? or * to list all spells.
Aiming: Magic Dart (safe; 9% risk of failure)
Press: ? - help, Shift-Dir - straight line, f - adder
Aim: an adder (heavily wounded, ally target, 100% to hit)
You feel a surge of power!
The magic dart hits the adder.
The adder is heavily wounded.
The adder barely misses you.
Your cerulean imp hits the adder from afar with a -3 spear.
Casting: Magic Dart (safe; 9% risk of failure)
Confirm with . or Enter, or press ? or * to list all spells.
Okay, then.
You barely miss the adder.
The adder is severely wounded.
The adder barely misses you. The adder bites you.
* * * LOW HITPOINT WARNING * * *
You are lethally poisoned!
The adder poisons you!
Your cerulean imp barely misses the adder.
Okay, then.
You miss the adder.
The adder is severely wounded.
You feel stable enough to blink again.
* * * LOW HITPOINT WARNING * * *
You feel sick. The adder bites you but does no damage.
Your cerulean imp closely misses the adder.
Okay, then.
Casting: Magic Dart (safe; 9% risk of failure)
Confirm with . or Enter, or press ? or * to list all spells.
You feel a surge of power!
You blink.
You die...

#.........#.........
#.........#.#.......
####.....>.##.........
#.....................
#......S§..##.........
#.......#####.........
#.....5..........†....
#.......#####.....)...
#$...@..# #.........
#.......# ######.#..
####.#### #####....#
#.# ##..)....## #.#
#####†.###..###
#.###.....##....# #
#.#.).######.#.##
#...### #.#.# #..## #
#.#


You could see an adder (ally target) and a friendly cerulean imp (summoned).

Vanquished Creatures
  An adder (D:2)
  A dart slug (D:1)
  3 ball pythons (D:1)
  2 endoplasms
  2 giant cockroaches (D:1)
  3 goblins
  5 hobgoblins (D:1)
  A quokka (D:2)
  3 bats (D:1)
  A frilled lizard (D:1)
  2 kobolds (D:1)
  2 rats (D:1)
26 creatures vanquished.

Notes
Turn   | Place    | Note
-------+----------+-------------------------------------------
     0 | D:1      | Ignak the Ogre Hedge Wizard began the quest for the Orb.
     0 | D:1      | Reached XP level 1. HP: 16/16 MP: 5/5
    86 | D:1      | Reached skill level 1 in Conjurations
    86 | D:1      | Reached skill level 1 in Translocations
   196 | D:1      | Reached XP level 2. HP: 26/26 MP: 6/6
   199 | D:1      | Learned a level 2 spell: Blink
   202 | D:1      | Learned a level 2 spell: Call Imp
   403 | D:1      | Reached skill level 1 in Fighting
   543 | D:1      | Reached XP level 3. HP: 33/33 MP: 8/8
   547 | D:1      | Learned a level 3 spell: Mephitic Cloud
   871 | D:2      | HP: 1/33 [poisoned by an adder]
   872 | D:2      | Succumbed to an adder's poison

Illustrated notes

Levels and vault maps discovered:
D:1:      scummos_arrival_simple_crosswalls, layout_loops_ring
D:2:      layout_rooms

Skill      XL: |  1  2 |
---------------+-------+-----
Conjurations   | 1 |  1.4
Translocations | 1 |  1.4
Dodging        | 2 |  2.1
Fighting       | 1 |  1.4
Stealth        | |  1.4
Spellcasting   | |  3.9
Summonings     | |  0.8
Poison Magic   | |  0.1

Action                     || total
---------------------------++-------
  Melee: Dagger            ||    58
         Staff             ||    18
   Cast: Blink             ||     2
         Magic Dart        ||     1
         Call Imp          ||     1
    Use: Potion            ||     1
   Stab: Sleeping          ||     2
 Armour: Robe              ||    20
  Dodge: Dodged            ||    36

Table legend: (Time is in decaauts)
 A = Elapsed time spent in this place.
 B = Non-inter-level travel time spent in this place.
 C = Inter-level travel time spent in this place.
 D = Time resting spent in this place.
 E = Time spent auto-exploring this place.
 F = Levels seen in this place.
 G = Mean time per level.
                   A        B        C        D        E       F      G
               +--------+--------+--------+--------+--------+-----+--------+
         Total |    874 |    869 |      5 |      0 |    572 |   2 |  437.0 |
       Dungeon |    874 |    869 |      5 |      0 |    572 |   2 |  437.0 |
               +--------+--------+--------+--------+--------+-----+--------+

Top non-repeatable levels by time:
     D:1: 793 daAuts
     D:2: 80 daAuts
